 Dungeon Crawl Stone Soup version 0.27.1 (webtiles) character file.

Game seed: 14337167647281040428

130 nxtlvl the Chopper (level 4, 0/38 HPs)
             Began as a Draconian Berserker on Aug 21, 2021.
             Was a Believer of Trog.
             Killed from afar by an orc wizard (6 damage)
             ... with a puff of flame
             ... on level 4 of the Dungeon.
             The game lasted 00:03:27 (490 turns).

nxtlvl the Chopper (Draconian Berserker)             Turns: 490, Time: 00:03:28

Health: 0/38       AC:  5    Str: 19    XL:     4   Next: 89%
Magic:  4/4        EV: 12    Int:  8    God:    Trog [**....]
Gold:   67         SH:  0    Dex: 11    Spells: 3/3 levels left

rFire    . . .     SeeInvis .   a - +0 hand axe
rCold    . . .     Faith    .   (no shield)
rNeg     . . .     Spirit   .   (armour unavailable)
rPois    .         Reflect  .   (helmet restricted)
rElec    .         Harm     .   (no cloak)
rCorr    .         Rampage  .   (no gloves)
Will     .....                  (no boots)
Stlth    +.........             (no amulet)
HPRegen  0.12/turn              (no ring)
MPRegen  0.09/turn              (no ring)

@: on berserk cooldown, slowed, very slow
A: AC +5, unfitting armour, cold-blooded
a: Renounce Religion, Berserk, Trog's Hand


You were on level 4 of the Dungeon.
You worshipped Trog.
Trog was pleased with you.
You visited 1 branch of the dungeon, and saw 4 of its levels.

You collected 67 gold pieces.

Inventory:

Hand Weapons
 a - a +0 hand axe (weapon)
 b - a +0 hunting sling
Missiles
 f - 13 arrows
 i - 12 stones
 q - 14 poisoned darts (quivered)
Scrolls
 c - 3 scrolls of blinking {unknown}
 e - a scroll of teleportation {unknown}
 g - a scroll of fear {unknown}
 h - a scroll of summoning {unknown}
 j - a scroll of noise {unknown}
 k - a scroll of identify {unknown}
 m - a scroll of brand weapon {unknown}
Potions
 d - 2 potions of curing {unknown}
 l - a potion of heal wounds {unknown}


   Skills:
 - Level 3.2 Fighting
 * Level 5.6 Axes
 - Level 2.6 Dodging


You had 3 spell levels left.
You didn't know any spells.
Your spell library was empty.

Dungeon Overview and Level Annotations

Branches:
Dungeon (4/15)
 Temple: D:4-7

Altars:
Elyvilon


Innate Abilities, Weirdness & Mutations

Your plain brown scales are hard. (AC +5)
You cannot fit into any form of body armour.
You are cold-blooded and may be slowed by cold attacks.


Message History

You feel your anger nearly subside.
You are no longer berserk.
You are exhausted.
You feel yourself slow down.
Things that are here:
a +0 hand axe; a +0 leather armour
Items here: )) [[.
An orc priest comes into view. It is wielding a +0 war axe.
The orc priest shouts!
An orc comes into view.
It is wielding a +1 morningstar of protection.
An orc wizard comes into view. It is wielding a +0 dagger.
The orc wizard shouts!
You hear a shout!
The orc shouts!
The orc priest calls down the wrath of Beogh upon you.
Beogh smites you!
* * * LOW HITPOINT WARNING * * *
You closely miss the orc priest.
Your tail-slap misses the orc priest.
The orc priest hits you but does no damage.
The orc wizard casts a spell.
The orc wizard flickers and vanishes!
Deactivating autopickup; reactivate with Ctrl-A.
The orc priest hits you but does no damage.
You completely miss the orc priest. You tail-slap the orc priest.
The orc priest is lightly wounded.
You slash the orc!
You kill the orc!
Trog accepts your kill.
A kobold comes into view. It is wielding a +0 short sword.
You hear some strange, mumbled words.
A magic dart appears from out of thin air!
The magic dart hits you.
* * * LOW HITPOINT WARNING * * *
The kobold moves out of view.
You closely miss something.
Your tail-slap misses something.
Something hits you but does no damage.
You barely miss something.
Something hits you but does no damage. x2
You hit something.
You hear some strange, mumbled words.
A puff of flame appears from out of thin air!
The puff of flame hits you.
You die...

##########
#....
#.........
#....
#.#######.
....## #.#
#..< ....#
#.# #.#.
...#
####.#
#.#.


Ko# #.)))# # ## #{# #.#### #@####.# #......# ######## You could see an orc
priest and a kobold.

Vanquished Creatures
  An orc priest (D:4)
  2 orc wizards (D:4)
  2 adders (D:2)
  A dart slug (D:1)
  3 orcs
  2 endoplasms (D:2)
  A giant cockroach (D:1)
  5 goblins
  2 hobgoblins
  A kobold (D:2)
  A quokka (D:3)
  6 ball pythons
  A bat (D:1)
  2 frilled lizards (D:2)
  A rat (D:2)
31 creatures vanquished.

Notes
Turn   | Place    | Note
-------+----------+-------------------------------------------
     0 | D:1      | nxtlvl the Draconian Berserker began the quest for the Orb.
     0 | D:1      | Reached XP level 1. HP: 19/19 MP: 1/1
    71 | D:2      | Reached XP level 2. HP: 26/26 MP: 2/2
    80 | D:2      | Found a white marble altar of Elyvilon.
   101 | D:1      | Reached skill level 4 in Axes
   176 | D:2      | Reached XP level 3. HP: 14/31 MP: 3/3
   317 | D:2      | Reached ** piety under Trog
   461 | D:4      | Reached skill level 5 in Axes
   461 | D:4      | Reached XP level 4. HP: 37/38 MP: 4/4
   490 | D:4      | Killed from afar by an orc wizard

Illustrated notes

Levels and vault maps discovered:
D:1:      eino_arrival_tree_alley, layout_loops_corners,
          dreamdust_ecumenical_altar_sealed_demon, minivault_27, st_stairs_1,
          minmay_unequal
D:2:      layout_basic, basic_altar
D:3:      layout_rooms
D:4:      layout_basic, nicolae_overflow_quartered_altars, serial_shops, shop,
          skrybe_limestone_x, uniq_duvessa

Skill      XL: |  1  2  3 |
---------------+----------+-----
Axes           | 4 5 |  5.6
Fighting       | |  3.2
Dodging        | |  2.6

Action                   |  1- 3 |  4- 6 || total
-------------------------+-------+-------++-------
Melee: Hand axe          |    86 |    15 ||   101
       Tailslap          |     7 |     1 ||     8
 Fire: Hunting sling     |     6 |       ||     6
Invok: Berserk           |     3 |       ||     3
 Stab: Sleeping          |     1 |       ||     1
Armor: Skin              |    24 |     5 ||    29
Dodge: Dodged            |    51 |     3 ||    54
